 Dungeon Crawl Stone Soup version 0.32-a0-571-gec57dfcd37 (webtiles) character file.

Game seed: 14011379549284172954

19 cforsyth the Grave Robber (level 2, -1/22 HPs)
             Began as a Mountain Dwarf Necromancer on Mar 1, 2024.
             Slain by Terence
             ... wielding a +0 falchion
              (9 damage)
             ... on level 2 of the Dungeon.
             The game lasted 00:01:15 (1257 turns).

cforsyth the Grave Robber (MDNe)                    Turns: 1257, Time: 00:01:16

Health: -1/22      AC:  2    Str: 10    XL:     2   Next: 55%
Magic:  4/4        EV: 16    Int: 15    God:
Gold:   39         SH:  0    Dex: 10    Spells: 3/4 levels left

rFire   . . .        d - +1 whip (elec)
rCold   . . .        (no shield)
rNeg    . . .        a - +0 robe
rPois   .            (no helmet)
rElec   .            (no cloak)
rCorr   .            (no gloves)
SInv    .            (no boots)
Will    .....        (no amulet)
Stlth   ++           E - +5 ring of evasion
HPRegen 0.23/turn    (no ring)
MPRegen 0.09/turn

%: no passive effects
@: about to teleport, weak-willed
A: runic magic, artefact enchanting
a: no special abilities


You were on level 2 of the Dungeon.
You visited 1 branch of the dungeon, and saw 2 of its levels.

You collected 39 gold pieces.


Innate Abilities, Weirdness & Mutations

Your spellcasting is much less encumbered by armour.
You can use scrolls of enchantment on lesser artefacts.


   Skills:
 - Level 0.4 Fighting
 + Level 1.6 Maces & Flails
 - Level 1.3 Dodging
 - Level 1.4 Stealth
 - Level 1.7 Spellcasting
 + Level 4.8 Necromancy


You had 3 spell levels left.
You knew the following spells:

 Your Spells              Type           Power      Damage    Failure   Level
X - Necrotise             Necr           60%        1d7       3%          1

Your spell library contained the following spells:

 Spells                   Type           Power      Damage    Failure   Level
 Vampiric Draining        Necr           15%        2d7       10%         3
 Animate Dead             Necr           15%        N/A       30%         4
 Curse of Agony           Necr           15%        N/A       65%         5

Inventory:

Hand Weapons
 d - a +1 whip of electrocution (weapon)
Armour
 a - a +0 robe (worn)
Jewellery
 f - an amulet of faith {!P}
 E - a +5 ring of evasion (left hand)
Scrolls
 h - a scroll of identify {unknown}
 i - a scroll of enchant weapon {unknown}
Potions
 b - a potion of magic

Dungeon Overview and Level Annotations

Branches:
Dungeon (2/15)

Altars:

Shops:
D:1 [

Annotations:
D:2 Terence

## #. #.
#.######.#
#@@.......
#..##..?..
..... ...
#.##.<#. .
# #..#..
#..# ..
.... ...
##.# ...


You could see Terence (weak-willed).


Message History

It was a potion of brilliance.
You feel clever all of a sudden. Terence completely misses you.
It was a potion of cancellation.
Your magical effects are unravelling.
You feel magically purged.
You feel a little less clever now. Terence hits you with a +0 falchion.
You hit Terence but do no damage. Terence closely misses you.
You hit Terence but do no damage. Terence barely misses you.
You hit Terence but do no damage. Terence misses you.
You hit Terence but do no damage. Terence closely misses you.
You hit Terence but do no damage. Terence barely misses you.
You closely miss Terence. Terence misses you.
You hit Terence but do no damage. Terence hits you with a +0 falchion.
You hit Terence.
Terence is moderately wounded.
Terence hits you with a +0 falchion!
* * * LOW HITPOINT WARNING * * *
You hit Terence but do no damage.
Terence is moderately wounded.
Terence barely misses you.
As you read the scroll labelled YKYSAD MIPE, it crumbles to dust.
A wave of despondency washes over your surroundings.
It was a scroll of vulnerability.
Terence barely misses you.
As you read the scroll labelled YMABOIRAIN, it crumbles to dust.
You feel strangely unstable.
It was a scroll of teleportation.
Terence hits you with a +0 falchion!
You die...
Terence says, "That felt goooood."

Skill      XL: |  1 |
---------------+----+-----
Maces & Flails | 1 |  1.6
Fighting       | |  0.4
Dodging        | |  1.3
Stealth        | |  1.4
Spellcasting   | |  1.7
Necromancy     | |  4.8

Action                     || total
---------------------------++-------
  Melee: Whip              ||    13
   Cast: Necrotise         ||    26
    Use: Scroll            ||     2
         Potion            ||     2
 Armour: Robe              ||     6
  Dodge: Dodged            ||    13

Levels and vault maps discovered:
D:1:      spicycebolla_arrival_ecumenical, layout_loops_ring, serial_shops,
          shop, lemuel_flame_loot_1
D:2:      layout_loops_ring, uniq_natasha, uniq_terence, uniq_robin

Notes
Turn   | Place    | Note
-------+----------+-------------------------------------------
     0 | D:1      | cforsyth the Mountain Dwarf Necromancer began the quest for
                  | the Orb.
     0 | D:1      | Reached XP level 1. HP: 14/14 MP: 3/3
   402 | D:1      | Reached skill level 1 in Maces & Flails
   404 | D:1      | Reached XP level 2. HP: 22/22 MP: 0/4
   404 | D:1      | Found Muyfedi's Antique Armour Boutique.
  1244 | D:2      | Noticed Terence
  1257 | D:2      | Slain by Terence

Vanquished Creatures
  A dart slug (D:1)
  An endoplasm (D:1)
  2 giant cockroaches (D:1)
  A goblin (D:1)
  2 hobgoblins (D:1)
  A quokka (D:1)
  3 ball pythons (D:1)
  2 kobolds (D:1)
  3 rats (D:1)
16 creatures vanquished.

Table legend: (Time is in decaauts)
 A = Elapsed time spent in this place.
 B = Non-inter-level travel time spent in this place.
 C = Inter-level travel time spent in this place.
 D = Time resting spent in this place.
 E = Time spent auto-exploring this place.
 F = Levels seen in this place.
 G = Mean time per level.
                   A        B        C        D        E       F      G
               +--------+--------+--------+--------+--------+-----+--------+
         Total |   1256 |   1198 |     58 |      0 |   1094 |   2 |  628.0 |
       Dungeon |   1256 |   1198 |     58 |      0 |   1094 |   2 |  628.0 |
               +--------+--------+--------+--------+--------+-----+--------+

Top non-repeatable levels by time:
     D:1: 1243 daAuts
     D:2: 13 daAuts

Table legend:
 A = Non-vault XP
 B = Vault XP
 C = Vault XP percentage of total XP
 D = Non-vault monster count
 E = Vault monster count
 F = Vault count percentage of total count
                 A         B        C        D         E       F
            +---------+---------+-------+---------+---------+-------
      Total |      28 |       0 |   0.0 |      16 |       0 |   0.0
            +---------+---------+-------+---------+---------+-------
        D:1 |      28 |       0 |   0.0 |      16 |       0 |   0.0
            +---------+---------+-------+---------+---------+-------
